 Dungeon Crawl Stone Soup version 0.32-a0-612-g1c984fe9d1 (webtiles) character file.

Game seed: 64515068710861046

706 gimp the Slasher (level 7, -1/54 HPs)
             Began as a Coglin Artificer on Mar 4, 2024.
             Slain by an orc warrior
             ... wielding a +0 long sword
              (6 damage)
             ... on level 4 of the Dungeon on Mar 5, 2024.
             The game lasted 00:06:26 (2976 turns).

gimp the Slasher (Coglin Artificer)                 Turns: 2976, Time: 00:06:27

Health: -1/54      AC:  7    Str: 12    XL:     7   Next: 67%
Magic:  7/7        EV: 12    Int: 10    God:
Gold:   167        SH:  0    Dex: 17    Spells: 6/6 levels left

rFire   + . .        m - +0 short sword {Huemac}
rCold   . . .        f - +0 dagger {Paramjit}
rNeg    . . .        s - +1 ring mail {rF+}
rPois   .            (no helmet)
rElec   .            (no cloak)
rCorr   .            (no gloves)
SInv    .            o - +0 pair of boots
Will    .....        (amulet unavailable)
Stlth   +            (ring unavailable)
HPRegen 0.29/turn    (ring unavailable)
MPRegen 0.10/turn    (no gizmo)

%: no passive effects
@: revving
A: off-hand wielding, slow wielding, warmup strikes, no jewellery
a: Invent Gizmo


You were on level 4 of the Dungeon.
You visited 1 branch of the dungeon, and saw 4 of its levels.
You also visited: Sewer.

You collected 167 gold pieces.

Inventory:

Hand Weapons
 f - a +0 dagger (offhand) {Paramjit}
 m - a +0 short sword (weapon) {Huemac}
Armour
 o - a +0 pair of boots (worn)
 s - a +1 ring mail of fire resistance (worn)
Wands
 c - a wand of flame (48)
 d - a wand of charming (15)
 t - a wand of paralysis (13)
Scrolls
 a - a scroll of silence {unknown}
 g - 2 scrolls of teleportation {unknown}
 h - 3 scrolls of identify {unknown}
 k - a scroll of butterflies {unknown}
 l - a scroll of vulnerability {unknown}
 r - a scroll of blinking {unknown}
 u - a scroll of fear {unknown}
 w - a scroll of enchant armour {unknown}
 y - a scroll of noise {unknown}
Potions
 b - a potion of magic {unknown}
 i - 2 potions of attraction {unknown}
 j - 2 potions of curing {unknown}
 n - 2 potions of degeneration {unknown}
 p - 2 potions of enlightenment {unknown}
 q - a potion of heal wounds {unknown}
 v - a potion of mutation {unknown}
 x - a potion of invisibility {unknown}
 z - a potion of might {purgy guarding, unknown}
 A - a potion of berserk rage {unknown}
 B - a potion of brilliance {unknown}


   Skills:
 + Level 4.0 Fighting
 * Level 5.6 Long Blades
 - Level 1.7 Armour
 + Level 3.6 Dodging
 - Level 0.7 Stealth
 - Level 4.0 Evocations


You had 6 spell levels left.
You didn't know any spells.
Your spell library contained the following spells:

 Spells                   Type           Power      Damage    Failure   Level
 Necrotise                Necr           0%         1d4       63%         1
 Slow                     Hex            0%         N/A       63%         1
 Ensorcelled Hibernation  Hex/Ice        0%         N/A       77%         2
 Confusing Touch          Hex            0%         N/A       94%         3
 Fugue of the Fallen      Necr           0%         N/A       94%         3
 Sigil of Binding         Hex            0%         N/A       94%         3
 Vampiric Draining        Necr           0%         2d6       94%         3
 Anguish                  Hex/Necr       0%         N/A       100%        4
 Martyr's Knell           Necr/Summ      0%         N/A       100%        4
 Curse of Agony           Necr           0%         N/A       100%        5


Dungeon Overview and Level Annotations

Branches:
Dungeon (4/15)              Sewer (visited)
 Temple: D:4-7

Altars:

Shops:
D:2 *


Innate Abilities, Weirdness & Mutations

You can wield a second weapon in your off-hand.
It takes a long time for you to wield or remove held weapons.
Your first few attacks do less damage.
You cannot equip rings or amulets.


Message History

Health restored: 54
There is an escape hatch in the floor here.
There are monsters nearby!
There are monsters nearby!
An orc comes into view. It is wielding a +0 club.
The orc wizard shouts!
The orc shouts! x2; The orc warrior shouts!
You hear an angry hiss.
Aiming: Iceblast
Press: ? - help, Shift-Dir - straight line, f - orc warrior
Aim: an orc warrior, wielding a +0 long sword, wearing a +4 plate armour of fire resistance and quivering stones The mass of ice explodes!
The iceblast engulfs the orc warrior!
The orc warrior is heavily wounded.
The iceblast engulfs the orc wizard!
The orc wizard partially resists.
The orc wizard is severely wounded.
The iceblast engulfs the orc.
The orc is heavily wounded.
The now-empty wand crumbles to dust.
You hear a shout! x2
You closely miss the orc wizard with your +0 short sword.
The orc wizard is severely wounded.
You hit the orc wizard but do no damage.
The orc wizard closely misses you.
You hit the orc wizard with your +0 dagger.
You kill the orc wizard!
You hit the orc with your +0 dagger.
The orc is heavily wounded.
You hit the orc with your +0 short sword.
You kill the orc!
You hit the orc warrior with your +0 short sword.
The orc warrior is severely wounded.
You barely miss the orc warrior with your +0 dagger.
You barely miss the orc warrior with your +0 dagger.
The orc warrior is severely wounded.
You completely miss the orc warrior with your +0 short sword.
The orc warrior hits you with a +0 long sword.
A goblin comes into view. It is wielding a +0 dagger.
You take 2 damage, and have 52/54 hp.
You barely miss the orc warrior with your +0 short sword.
The orc warrior is severely wounded.
You hit the orc warrior but do no damage.
The orc warrior hits you with a +0 long sword!
You take 14 damage, and have 38/54 hp.
MASSIVE DAMAGE!!
You hit the orc warrior but do no damage.
The orc warrior is severely wounded.
You barely miss the orc warrior with your +0 short sword.
The orc warrior closely misses you.
You hit the orc warrior but do no damage.
The orc warrior is severely wounded.
You hit the orc warrior but do no damage.
The orc warrior hits you with a +0 long sword!
You take 8 damage, and have 30/54 hp.
You barely miss the orc warrior with your +0 dagger.
The orc warrior is severely wounded.
You barely miss the orc warrior with your +0 short sword.
An orc wizard comes into view. It is wielding a +0 dagger.
The orc warrior barely misses you.
You barely miss the orc warrior with your +0 short sword.
The orc warrior is severely wounded.
The orc wizard shouts!
You hit the orc warrior but do no damage.
The orc wizard casts a spell.
The orc wizard flickers and vanishes!
Deactivating autopickup; reactivate with Ctrl-A.
The orc warrior closely misses you.
You hit the orc warrior with your +0 dagger.
The orc warrior is severely wounded.
You hit the orc warrior but do no damage.
You closely miss the orc warrior with your +0 dagger.
The orc warrior is severely wounded.
You hit the orc warrior but do no damage.
The orc warrior completely misses you.
Aiming: Throw Flame
Press: ? - help, Shift-Dir - straight line, f/p - orc warrior
Aim: an orc warrior, wielding a +0 long sword, wearing a +4 plate armour of fire resistance and quivering stones (severely wounded, 71% to hit)
The puff of flame hits the orc warrior.
The orc warrior resists.
The orc warrior is severely wounded.
The orc warrior hits you with a +0 long sword!
You take 11 damage, and have 19/54 hp.
MASSIVE DAMAGE!!
Aiming: Throw Flame
Press: ? - help, Shift-Dir - straight line, f/p - orc warrior
Aim: an orc warrior, wielding a +0 long sword, wearing a +4 plate armour of fire resistance and quivering stones (severely wounded, 71% to hit)
The puff of flame hits the orc warrior.
The orc warrior resists.
The orc warrior is severely wounded.
The orc warrior completely misses you.
Aiming: Throw Flame
Press: ? - help, Shift-Dir - straight line, f/p - orc warrior
Aim: an orc warrior, wielding a +0 long sword, wearing a +4 plate armour of fire resistance and quivering stones (severely wounded, 71% to hit)
The puff of flame hits the orc warrior but does no damage.
The orc warrior is severely wounded.
The orc warrior hits you with a +0 long sword!
* * * LOW HITPOINT WARNING * * *
You take 15 damage, and have 4/54 hp.
MASSIVE DAMAGE!!
Okay, then.
Okay, then.
Aiming: Paralyse
Press: ? - help, Shift-Dir - straight line, f/p - orc warrior
Aim: an orc warrior, wielding a +0 long sword, wearing a +4 plate armour of fire resistance and quivering stones (severely wounded, chance to affect: 59%)
The orc warrior resists with significant effort.
The orc warrior hits you with a +0 long sword.
You die...

..#.#....[.....[.......
#......†#..............
#######.#####.#####.###
>.....#.# #.# .#
#####.#.# #.# # # #.#)#
#.# # ##.#~#~≈ # #...#
#.#####.# ..≈≈≈≈~~ #
#.### #.......#
#.~≈≈≈≈≈ #####.#
####@#### #≈~≈~~≈≈
......######## #o#
#~≈.~≈≈ ...###..o..o.#


g.w ~#≈$~≈~[ #### #o#####....o## .w≈..... # #.# ##..# #≈< # #K# .... #≈~ # #.#
.... ~≈≈~ # #...........# #≈≈≈~ #.....@.# ~≈≈≈≈~ You could see an orc warrior, a
dart slug, an orc and a goblin.

Vanquished Creatures
  Edmund (D:4)
  Pargi (Sewer)
  An ogre (D:4)
  2 brain worms (Sewer)
  A scorpion (D:4)
  Ijyb (D:4)
  2 orc wizards
  3 adders
  3 dart slugs (D:4)
  10 orcs
  10 ball pythons
  9 bats
  7 endoplasms
  3 giant cockroaches (D:3)
  7 goblins
  7 hobgoblins
  13 kobolds
  4 quokkas
  5 frilled lizards
  3 rats
93 creatures vanquished.

Notes
Turn   | Place    | Note
-------+----------+-------------------------------------------
     0 | D:1      | gimp the Coglin Artificer began the quest for the Orb.
     0 | D:1      | Reached XP level 1. HP: 15/15 MP: 1/1
    67 | D:1      | Reached skill level 1 in Dodging
   120 | D:1      | Reached skill level 1 in Long Blades
   120 | D:1      | Reached XP level 2. HP: 12/21 MP: 2/2
   326 | D:1      | Reached XP level 3. HP: 18/26 MP: 3/3
   915 | D:2      | Reached skill level 2 in Long Blades
  1025 | D:2      | You fall into a shaft and drop 2 floors!
  1060 | D:4      | Noticed an ogre
  1061 | D:4      | Noticed Ijyb
  1062 | D:4      | Killed Ijyb
  1063 | D:4      | Reached XP level 4. HP: 33/33 MP: 4/4
  1063 | D:4      | Killed an ogre
  1064 | D:4      | Reached skill level 3 in Long Blades
  1064 | D:4      | Reached XP level 5. HP: 39/39 MP: 5/5
  1233 | D:3      | Reached XP level 6. HP: 44/46 MP: 6/6
  1309 | D:3      | Reached skill level 4 in Long Blades
  1522 | D:3      | Found a glowing drain.
  1526 | Sewer    | Entered a sewer
  1797 | Sewer    | Noticed Pargi
  1806 | Sewer    | Killed Pargi
  1807 | Sewer    | Reached skill level 5 in Long Blades
  1807 | Sewer    | Reached XP level 7. HP: 47/52 MP: 7/7
  2159 | D:2      | Found Piox Ree's General Store.
  2634 | D:4      | Noticed Edmund
  2651 | D:4      | Killed Edmund
  2976 | D:4      | Slain by an orc warrior

Illustrated notes

Levels and vault maps discovered:
D:1:      minmay_arrival_open_corners, layout_rooms, roderic_roman_lattice,
          hex_intersection
D:2:      layout_loops_ring, serial_shops, shop
D:3:      layout_rooms, gup_sewer_entry_spiral
D:4:      kennysheep_slugbush, layout_loops_cross, uniq_edmund, uniq_ijyb

Skill      XL: |  1  2  3  4  5  6  7 |
---------------+----------------------+-----
Dodging        | 1 2 3 |  3.6
Long Blades    | 1 2 3 5 |  5.6
Fighting       | 2 3 4 |  4.0
Armour         | |  1.7
Stealth        | |  0.7
Evocations     | |  4.0

Action                     |  1- 3 |  4- 6 |  7- 9 || total
---------------------------+-------+-------+-------++-------
  Melee: Club              |    25 |       |       ||    25
         Dagger            |    79 |   119 |   101 ||   299
         Short sword       |    45 |   122 |   109 ||   276
  Evoke: Wand              |     2 |     3 |     8 ||    13
   Stab: Sleeping          |     3 |       |       ||     3
 Armour: Leather armour    |    59 |       |       ||    59
         Ring mail         |     3 |    84 |    55 ||   142
  Dodge: Dodged            |    45 |    65 |    43 ||   153

Table legend: (Time is in decaauts)
 A = Elapsed time spent in this place.
 B = Non-inter-level travel time spent in this place.
 C = Inter-level travel time spent in this place.
 D = Time resting spent in this place.
 E = Time spent auto-exploring this place.
 F = Levels seen in this place.
 G = Mean time per level.
                   A        B        C        D        E       F      G
               +--------+--------+--------+--------+--------+-----+--------+
         Total |   2997 |   2893 |    104 |      0 |   1864 |   5 |  599.4 |
       Dungeon |   2667 |   2563 |    104 |      0 |   1635 |   4 |  666.8 |
         Sewer |    329 |    329 |      0 |      0 |    229 |   1 |  329.0 |
               +--------+--------+--------+--------+--------+-----+--------+

Top non-repeatable levels by time:
     D:2: 744 daAuts
     D:1: 645 daAuts
     D:3: 641 daAuts
     D:4: 636 daAuts
   Sewer: 329 daAuts
